 Dungeon Crawl Stone Soup version 0.19-a0-1225-gf887c1c (webtiles) character file.

9105 Arkorax the Martial Artist (level 11, -12/72 HPs)
             Began as a Kobold Monk on Aug 25, 2016.
             Was an Elder of Makhleb.
             Killed by divine providence
             ... invoked by an orc priest
              (13 damage)
             ... on level 10 of the Dungeon.
             The game lasted 00:25:15 (14735 turns).

Arkorax the Martial Artist (Kobold Monk)           Turns: 14735, Time: 00:25:16

Health: -12/72     AC:  9    Str: 13    XL:     11   Next: 68%
Magic:  11/11      EV: 26    Int:  8    God:    Makhleb [****..]
Gold:   355        SH:  0    Dex: 22    Spells: 0 memorised, 10 levels left

rFire  . . .     SeeInvis .       - Unarmed
rCold  + . .     Gourm    .     G - +1 robe of Untold Secrets {rC+}
rNeg   . . .     Faith    .     (shield restricted)
rPois  .         Spirit   .     (no helmet)
rElec  .         Dismiss  .     e - +0 cloak
rCorr  .         Reflect  .     w - +2 pair of gloves
MR     .....     Harm     .     d - +1 pair of boots
Stlth  +++.......               (no amulet)
                                (no ring)
                                x - +3 ring of strength

@: no status effects
A: carnivore 3
a: Minor Destruction, Lesser Servant of Makhleb, Major Destruction, Renounce
Religion


You were on level 10 of the Dungeon.
You worshipped Makhleb.
Makhleb was greatly pleased with you.
You were full.

You visited 1 branch of the dungeon, and saw 11 of its levels.

You collected 558 gold pieces.
You spent 203 gold pieces at shops.

Inventory:

Hand Weapons
 y - a +2 war axe of electrocution
   (You took it off an orc on level 6 of the Dungeon)
 E - a +2 spear of venom (quivered)
   (You took it off a gnoll on level 7 of the Dungeon)
 J - a +2 short sword of electrocution
   (You took it off an orc warrior on level 9 of the Dungeon)
Armour
 a - a mottled dragon hide
 d - a +1 pair of boots (worn)
 e - a +0 cloak (worn)
 w - a +2 pair of gloves (worn)
 A - a +0 leather armour
 G - the +1 robe of Untold Secrets (worn) {rC+}
   (You found it on level 9 of the Dungeon)

   It protects you from cold.
Jewellery
 x - a +3 ring of strength (left hand)
 D - a +3 ring of dexterity {unknown}
Wands
 m - a wand of iceblast (0/15)
 p - a wand of digging (5/24)
 q - a wand of random effects (30/48)
 v - a wand of flame (0/48)
 C - a wand of lightning (0/15)
 K - a wand of digging (18/24)
Scrolls
 c - 4 scrolls of remove curse
 f - 16 scrolls of identify {unknown}
 g - 2 scrolls of amnesia {unknown}
 h - 4 scrolls of immolation {unknown}
 i - 2 scrolls of magic mapping {unknown}
 j - 2 scrolls of teleportation {!r}
 l - a scroll of enchant weapon
 o - 3 scrolls of noise {!r}
 u - a scroll of random uselessness {unknown}
 M - a scroll of blinking {unknown}
 N - a scroll of recharging {unknown}
Potions
 k - a potion of haste {unknown}
 r - a potion of flight
 t - a potion of degeneration {!q}
 O - a potion of curing
 P - a potion of cancellation {unknown}
Books
 n - a book of Cantrips
 z - a book of the Sky
 B - a book of Debilitation
 L - a book of Spatial Translocations
Miscellaneous
 F - a sack of spiders
Comestibles
 b - 7 meat rations {!e}
 s - 2 royal jellies
 H - 3 beef jerkies
 I - 7 slices of pizza


   Skills:
 + Level 9.9 Fighting
 + Level 11.0 Dodging
 - Level 2.6 Stealth
 * Level 12.6 Unarmed Combat


You had 10 spell levels left.
You didn't know any spells.

Dungeon Overview and Level Annotations

Branches:
Dungeon (11/15)            Temple (0/1) D:7            Lair (0/6) D:8
    Orc: D:9-12

Altars:
Cheibriados
Dithmenos
Fedhas
Hepliaklqana
Kikubaaqudgha
Makhleb
Nemelex Xobeh
Okawaru
Ru
Trog
Uskayaw
Yredelemnul
Zin
The Shining One

Shops:
D:5 *   D:11 ?

Annotations:
D:10 exclusion: door


Innate Abilities, Weirdness & Mutations

You are small and have problems with some larger weapons.
You are carnivorous and can eat meat at any time.


Message History

The shadow imp misses you.
Your shadow imp hits the yak but does no damage.
The yak misses your shadow imp.
Unknown command.
You barely miss the shadow imp.
The shadow imp is heavily wounded.
Your quasit bites the shadow imp.
Your quasit misses the shadow imp.
Your quasit claws the shadow imp but does no damage.
The shadow imp hits your quasit but does no damage.
Your shadow imp hits the yak but does no damage.
You hit the shadow imp. Your punch misses the shadow imp.
The shadow imp is severely wounded.
The orc warrior hits your shadow imp with a mace.
Your neqoxec gestures at the shadow imp.
The shadow imp twists and deforms.
The yak gores your shadow imp!
Your shadow imp dies!
Your quasit misses the shadow imp.
Your quasit closely misses the shadow imp.
Your quasit misses the shadow imp.
You catch the helpless shadow imp completely off-guard!
You punch the shadow imp!
You kill the shadow imp!
Makhleb accepts your kill. The yak barely misses your neqoxec.
Your neqoxec barely misses the yak.
Your quasit closely misses the yak.
Your quasit claws the yak.
Your quasit claws the yak but does no damage.
The yak barely misses your quasit.
Your quasit bites the yak but does no damage.
Your quasit claws the yak but does no damage. x2
Your neqoxec barely misses the yak.
The orc warrior hits your neqoxec with a mace.
Unknown command.
Your quasit bites the yak.
Your quasit claws the yak but does no damage.
Your quasit claws the yak.
Your neqoxec hits the orc warrior but does no damage.
Your quasit bites the yak but does no damage.
Your quasit closely misses the yak.
Your quasit claws the yak.
The orc warrior hits your neqoxec with a mace!!
Your neqoxec dies!
Your quasit disappears in a puff of smoke!
The yak bellows! x2
The orc priest invokes the aid of Beogh against you.
Beogh smites you!
* * * LOW HITPOINT WARNING * * *
Damage: 13 (max 24)
The orc priest invokes the aid of Beogh against you.
Beogh smites you!
You die...

###############################
#..........#...o†YooY.##.>.##..
####...#.......####YY.##...##..
#...###'##Y.# #...##...##.)
#...##≈§§#Yo# #Y..##.(.##..
#...##.p§#.Y# #...##...##..
#...##≈§§#..# #...##...##..
#...###+##..# #...##...##..
#...# #.@# #oo.##...##..
####...# #..# #(..##...##..
#......# #..# #............
#......######..# #............
#......#.......####....##......
#.##...#................#......
#.##...#........Y.....#.#......
#.##...#..............#.#......
#.##...#.....o........#........


You could see 3 yaks, an orc warrior and an orc priest.

Vanquished Creatures
  2 hill giants (D:10)
  A manticore (D:10)
  The ghost of Anstane the Covert, a novice SpEn of Gozag (D:7)
  A gargoyle (D:11)
  2 komodo dragons (D:8)
  Grinder (D:5)
  5 yaks (D:10)
  A human (D:9)
  3 hippogriffs
  A hungry ghost (D:10)
  Grum (D:8)
  2 orc warriors
  4 black bears
  3 ice beasts
  6 sky beasts
  5 ogres
  2 phantoms
  2 wolves
  A centaur (D:7)
  A crocodile (D:8)
  A big kobold (D:9)
  4 giant frogs
  5 scorpions
  5 killer bees
  9 wights
  2 howler monkeys
  2 crimson imps
  3 giant frog zombies
  2 orc priests
  4 hounds
  2 giant frog skeletons (D:8)
  3 iron imps (D:5)
  4 orc wizards
  4 iguanas
  12 worker ants
  4 sheep (D:9)
  2 hound zombies
  14 adders
  8 gnolls
  2 shadow imps
  2 oozes
  An adder zombie (D:5)
  An adder skeleton (D:7)
  3 worms
  2 dart slugs (D:1)
  15 giant geckos
  25 orcs
  6 giant cockroaches
  8 goblins
  8 hobgoblins
  14 jackals
  2 quokkas
  A ball python (D:5)
  6 bats
  A giant gecko skeleton (D:8)
  6 giant newts
  2 jackal skeletons
  11 kobolds
  2 quokka zombies
  10 rats
263 creatures vanquished.

Vanquished Creatures (collateral kills)
  A mottled dragon (D:8)
  2 iguanas (D:8)
  An orc (D:11)
4 creatures vanquished.

Grand Total: 267 creatures vanquished

Notes
Turn   | Place    | Note
-------+----------+-------------------------------------------
     0 | D:1      | Arkorax the Kobold Monk began the quest for the Orb.
     0 | D:1      | Reached XP level 1. HP: 14/14 MP: 1/1
    94 | D:1      | Reached XP level 2. HP: 10/19 MP: 2/2
   588 | D:1      | Reached XP level 3. HP: 20/23 MP: 3/3
   855 | D:1      | Reached skill level 4 in Dodging
  1129 | D:2      | Reached skill level 4 in Unarmed Combat
  1145 | D:2      | Reached XP level 4. HP: 27/29 MP: 4/4
  1988 | D:2      | Reached XP level 5. HP: 18/33 MP: 5/5
  2381 | D:2      | Found a hide-covered altar of Uskayaw.
  2399 | D:2      | Reached skill level 4 in Fighting
  2507 | D:2      | Noticed a dagger
  2508 | D:2      | Noticed a hand axe
  3168 | D:3      | Found a sparkling altar of Nemelex Xobeh.
  3223 | D:3      | Found a faded altar of an unknown god.
  3430 | D:4      | HP: 8/33 [orc/club (3)]
  3435 | D:4      | HP: 10/49 [poisoned by an adder]
  3436 | D:4      | Reached skill level 5 in Dodging
  3438 | D:4      | Reached XP level 6. HP: 12/38 MP: 6/6
  3794 | D:4      | Found a sacrificial altar of Ru.
  3861 | D:4      | Reached skill level 5 in Unarmed Combat
  4053 | D:4      | HP: 11/38 [poisoned by a worker ant]
  4061 | D:4      | HP: 10/38 [poisoned by a worker ant]
  4792 | D:5      | Entered Level 5 of the Dungeon
  4817 | D:5      | Reached XP level 7. HP: 42/44 MP: 7/7
  4846 | D:5      | Noticed Grinder
  4862 | D:5      | Paralysed by Grinder for 4 turns
  4872 | D:5      | Killed Grinder
  4872 | D:5      | Reached skill level 6 in Unarmed Combat
  4875 | D:5      | Reached skill level 6 in Dodging
  5132 | D:5      | Reached skill level 5 in Fighting
  5143 | D:5      | HP: 12/44 [sky beast (6)]
  5148 | D:5      | HP: 10/44 [something (3)]
  5148 | D:5      | HP: 4/44 [something (6)]
  5458 | D:5      | Found a glowing silver altar of Zin.
  5585 | D:5      | Reached XP level 8. HP: 22/49 MP: 8/8
  5802 | D:5      | Found a burning altar of Makhleb.
  5825 | D:5      | HP: 14/49 [iron imp (7)]
  5827 | D:5      | HP: 6/49 [iron imp (9)]
  5850 | D:5      | HP: 11/49 [giant gecko (3)]
  5860 | D:5      | Found Quohyrr's Assorted Antiques.
  5879 | D:5      | HP: 13/49 [giant gecko (2)]
  5894 | D:4      | HP: 14/49 [giant cockroach (1)]
  6158 | D:5      | Reached skill level 7 in Unarmed Combat
  6165 | D:5      | Bought a potion of lignification for 87 gold pieces
  6165 | D:5      | Bought a fluorescent wand for 116 gold pieces
  6223 | D:5      | Became a worshipper of Makhleb the Destroyer
  6223 | D:5      | Reached * piety under Makhleb
  6223 | D:5      | Reached ** piety under Makhleb
  6521 | D:5      | Found an ancient bone altar of Kikubaaqudgha.
  6718 | D:6      | Found a hazy altar of Hepliaklqana.
  7126 | D:6      | Reached skill level 7 in Dodging
  7355 | D:6      | Reached skill level 6 in Fighting
  7370 | D:6      | Reached skill level 8 in Unarmed Combat
  7581 | D:6      | Reached XP level 9. HP: 55/55 MP: 9/9
  7734 | D:7      | Found a glowing golden altar of the Shining One.
  7958 | D:7      | HP: 15/56 [poisoned by a gnoll]
  7963 | D:7      | HP: 12/56 [poisoned by a gnoll]
  7968 | D:7      | HP: 10/56 [poisoned by a gnoll]
  7974 | D:7      | HP: 8/56 [poisoned by a gnoll]
  7982 | D:7      | HP: 8/56 [poisoned by a gnoll]
  7990 | D:7      | HP: 7/56 [poisoned by a gnoll]
  8414 | D:7      | Found a basalt altar of Yredelemnul.
  8515 | D:7      | Reached skill level 8 in Dodging
  8690 | D:7      | Noticed Anstane's ghost (novice SpEn)
  8695 | D:7      | Reached skill level 9 in Unarmed Combat
  8706 | D:7      | Killed Anstane's ghost
  8706 | D:7      | Reached skill level 7 in Fighting
  8852 | D:7      | Found a staircase to the Ecumenical Temple.
  9350 | D:8      | Found a bloodstained altar of Trog.
  9395 | D:7      | Reached XP level 10. HP: 63/63 MP: 10/10
  9434 | D:8      | Reached skill level 9 in Dodging
  9434 | D:8      | Reached skill level 10 in Unarmed Combat
  9726 | D:8      | Noticed Grum
  9727 | D:8      | Reached *** piety under Makhleb
  9931 | D:8      | HP: 18/64 [wolf[Grum] (3)]
 10225 | D:8      | Reached skill level 8 in Fighting
 10254 | D:8      | Noticed a komodo dragon
 10264 | D:8      | Killed a komodo dragon
 10360 | D:8      | Found an iron altar of Okawaru.
 10493 | D:8      | Killed Grum
 10682 | D:8      | Found a shadowy altar of Dithmenos.
 10920 | D:8      | Noticed a komodo dragon
 11336 | D:8      | Killed a komodo dragon
 11687 | D:8      | Found a staircase to the Lair.
 11819 | D:9      | Reached skill level 11 in Unarmed Combat
 11951 | D:9      | Found a snail-covered altar of Cheibriados.
 11961 | D:9      | Found a blossoming altar of Fedhas.
 12071 | D:9      | Got a colourful robe
 12091 | D:9      | Identified the +1 robe of Untold Secrets {rC+} (You found it on level 9 of the Dungeon)
 12206 | D:10     | Entered Level 10 of the Dungeon
 12223 | D:9      | Reached skill level 10 in Dodging
 12514 | D:10     | Noticed a vault guard
 12626 | D:10     | Reached XP level 11. HP: 69/69 MP: 11/11
 12633 | D:10     | Found a bloodstained altar of Trog.
 12658 | D:10     | Noticed a hill giant
 12779 | D:10     | Killed a hill giant
 12779 | D:10     | Reached skill level 9 in Fighting
 12788 | D:10     | Noticed a hill giant
 12799 | D:10     | Killed a hill giant
 12799 | D:10     | Reached skill level 12 in Unarmed Combat
 12931 | D:10     | Reached **** piety under Makhleb
 13036 | D:10     | Noticed a manticore
 13053 | D:10     | HP: 21/71 [manticore (6)]
 13056 | D:10     | Killed a manticore
 13519 | D:11     | Found Kopt's Magic Scroll Shoppe.
 13631 | D:11     | Noticed a manticore
 13672 | D:11     | HP: 21/72 [gargoyle/stone arrow (12)]
 13838 | D:11     | HP: 18/72 [something (6)]
 13844 | D:11     | HP: 5/72 [manticore/volley of spikes (5)]
 13845 | D:11     | HP: 2/72 [black bear (3)]
 14274 | D:11     | Reached skill level 11 in Dodging
 14388 | D:11     | Noticed a six-headed hydra
 14400 | D:11     | HP: 20/72 [six-headed hydra (14)]
 14436 | D:11     | HP: 21/72 [centaur warrior zombie (4)]
 14713 | D:10     | HP: 16/72 [yak (6)]
 14724 | D:10     | HP: 13/72 [shadow imp (6)]
 14734 | D:10     | HP: 1/72 [orc priest/divine providence (14)]
 14735 | D:10     | Killed from afar by an orc priest

Vault maps used:
D:1:      dpeg_arrival_stone_temple_mockup, st_stairs_11, serial_bayou_pond_d
D:2:      dancing_weapons_uskayaw, serial_forest, infiniplex_forest_clump_small,
          infiniplex_forest_clump_diagonal, infiniplex_forest_fountain,
          infiniplex_forest_clump_double, infiniplex_forest_join,
          infiniplex_forest_straight_2, infiniplex_forest_straight_2,
          infiniplex_forest_clump_tiny, infiniplex_forest_straight_2,
          kennysheep_generic_room_5
D:3:      lemuel_castle_with_subvaults, old_standard_altar, ecumenical_altar_2
D:4:      gup_sewer_entry_bowl, first_bread, columned_hall_lemuel,
          nicolae_ru_the_path_less_chosen
D:5:      demons_altar, lemuel_crystal_altar, kennysheep_little_box,
          serial_shops, nicolae_shop_overgrown_old_shop, uniq_grinder
D:6:      kennysheep_mini_moat, item_on_display_a
D:7:      nicolae_tso_carved_into_rock, basic_altar
D:8:      trog_ov_bears_minmay, nicolae_dithmenos_shadow_blocks,
          lemuel_doored_altar, erik_lair_dragon, uniq_grum
D:9:      slow_altar_1, nicolae_overflow_hidden_temple, grunt_livestock
D:10:     enter_bailey_3, basic_altar, enter_trove_5
D:11:     serial_shops, shop

Skill      XL: |  1  2  3  4  5  6  7  8  9 10 11 |
---------------+----------------------------------+-----
Dodging        | 4 5 6 7 8 10 11 | 11.0
Unarmed Combat | 4 5 6 8 9 11 12 | 12.6
Fighting       | 4 5 6 7 8 9 |  9.9
Stealth        | |  2.6

Action                   |  1- 3 |  4- 6 |  7- 9 | 10-12 || total
-------------------------+-------+-------+-------+-------++-------
Melee: Unarmed           |    95 |   279 |   413 |   562 ||  1349
       Punch             |     1 |     7 |    11 |    37 ||    56
Invok: Lesser Servant of |       |       |       |     6 ||     6
Evoke: Wand              |       |       |     7 |    10 ||    17
       Sack of spiders   |       |       |       |     1 ||     1
  Use: Potion            |       |     3 |     8 |     3 ||    14
       Scroll            |       |       |       |     9 ||     9
 Stab: Sleeping          |     5 |     9 |     4 |     4 ||    22
       Distracted        |       |     1 |       |     3 ||     4
  Eat: Chunk             |     4 |    17 |    13 |    19 ||    53
Armor: Robe              |    12 |    36 |    47 |    60 ||   155
       Skin              |       |     4 |     5 |       ||     9
       Leather armour    |       |       |       |    20 ||    20
Dodge: Dodged            |    74 |   241 |   362 |   616 ||  1293

Table legend:
 A = Turns spent in this place as a percentage of turns spent in the entire game.
 B = Non-inter-level travel turns spent in this place as a percentage of non-inter-level travel turns spent in the entire game.
 C = Inter-level travel turns spent in this place as a percentage of turns spent in this place.
 D = Turns resting spent in this place as a percentage of non-inter-level travel turns spent in this place.
 E = Turns spent auto-exploring this place as a percentage of non-inter-level travel turns spent in this place.
 F = Non-inter-level travel turns spent in this place divided by the number of levels of this place that you've seen.
                   A       B       C       D       E      F
               +-------+-------+-------+-------+-------+----------------------
         Total | 100.0 | 100.0 |   0.4 |   2.8 |   6.9 | 480.5
       Dungeon | 100.0 | 100.0 |   0.4 |   2.8 |   6.9 | 480.5
               +-------+-------+-------+-------+-------+----------------------

Vault maps used:
D:1:      dpeg_arrival_stone_temple_mockup, st_stairs_11, serial_bayou_pond_d
D:2:      dancing_weapons_uskayaw, serial_forest, infiniplex_forest_clump_small,
          infiniplex_forest_clump_diagonal, infiniplex_forest_fountain,
          infiniplex_forest_clump_double, infiniplex_forest_join,
          infiniplex_forest_straight_2, infiniplex_forest_straight_2,
          infiniplex_forest_clump_tiny, infiniplex_forest_straight_2,
          kennysheep_generic_room_5
D:3:      lemuel_castle_with_subvaults, old_standard_altar, ecumenical_altar_2
D:4:      gup_sewer_entry_bowl, first_bread, columned_hall_lemuel,
          nicolae_ru_the_path_less_chosen
D:5:      demons_altar, lemuel_crystal_altar, kennysheep_little_box,
          serial_shops, nicolae_shop_overgrown_old_shop, uniq_grinder
D:6:      kennysheep_mini_moat, item_on_display_a
D:7:      nicolae_tso_carved_into_rock, basic_altar
D:8:      trog_ov_bears_minmay, nicolae_dithmenos_shadow_blocks,
          lemuel_doored_altar, erik_lair_dragon, uniq_grum
D:9:      slow_altar_1, nicolae_overflow_hidden_temple, grunt_livestock
D:10:     enter_bailey_3, basic_altar, enter_trove_5
D:11:     serial_shops, shop
